 Dungeon Crawl Stone Soup version 0.24.0-123-gd5b16e6ec5 (webtiles) character file.

Game seed: 8782048775207165138, levelgen mode: deterministic

1225 Elellon the Cleaver (level 8, -5/71 HPs)
             Began as a Hill Orc Fighter on Jan 8, 2020.
             Slain by an orc warrior
             ... wielding a +0 mace of protection
              (12 damage)
             ... on level 5 of the Dungeon.
             The game lasted 00:11:45 (5481 turns).

Elellon the Cleaver (Hill Orc Fighter)              Turns: 5481, Time: 00:11:45

Health: -5/71      AC: 15    Str: 21    XL:     8   Next: 47%
Magic:  8/8        EV:  4    Int:  8    God:
Gold:   325        SH:  9    Dex: 10    Spells: 7/7 levels left

rFire    . . .     SeeInvis .   a - +0 war axe
rCold    . . .     Gourm    .   c - +0 shield
rNeg     . . .     Faith    .   i - +0 plate armour
rPois    +         Spirit   .   (no helmet)
rElec    .         Reflect  .   x - +0 cloak
rCorr    .         Harm     .   F - +1 pair of gloves
MR       .....                  (no boots)
Stlth    ..........             (no amulet)
HPRegen  0.21/turn              n - ring of flight
MPRegen  0.11/turn              o - ring of poison resistance

@: heavily drained
A: no striking features
a: Evoke Flight


You were on level 5 of the Dungeon.
You were hungry.

You visited 1 branch of the dungeon, and saw 6 of its levels.
You also visited: Sewer.

You collected 325 gold pieces.

Inventory:

Hand Weapons
 a - a +0 war axe (weapon)
Missiles
 j - 34 poisoned darts (quivered)
Armour
 c - a +0 shield (worn)
 i - a +0 plate armour (worn)
 x - a +0 cloak (worn)
 F - a +1 pair of gloves (worn)
Jewellery
 n - a ring of flight (left hand)
 o - a ring of poison resistance (right hand)
 B - a +6 ring of strength {unknown}
Wands
 w - a wand of flame (15)
 y - a wand of polymorph (20)
 C - a wand of paralysis (5)
 E - a wand of random effects (18)
Scrolls
 b - 6 scrolls of remove curse
 g - 2 scrolls of fear
 h - 3 scrolls of teleportation
 k - 2 scrolls of enchant weapon {unknown}
 q - 4 scrolls of magic mapping {unknown}
 r - 2 scrolls of amnesia {unknown}
 t - a scroll of random uselessness {unknown}
 D - a scroll of identify
Potions
 d - a potion of might
 e - 2 potions of mutation {unknown}
 l - 3 potions of curing
 p - 2 potions of degeneration {unknown}
 s - a potion of lignification {unknown}
 u - a potion of heal wounds
 v - a potion of berserk rage {unknown}
 z - a potion of brilliance {unknown}
 A - a potion of ambrosia {unknown}
 G - 2 potions of resistance {unknown}
Comestibles
 f - 13 rations
 m - 3 chunks of flesh


   Skills:
 + Level 6.4(5.1) Fighting
 * Level 8.6(7.2) Axes
 + Level 5.8(4.5) Armour
 + Level 5.7(4.4) Shields


You had 7 spell levels left.
You didn't know any spells.
Your spell library was empty.

Dungeon Overview and Level Annotations

Branches:
Dungeon (6/15)              Sewer (visited)
 Temple: D:4-7

Altars:
Gozag
Hepliaklqana
Nemelex Xobeh
Qazlal
Vehumet
The Shining One

Shops:
D:5 ?


Message History

The orc warrior is heavily wounded.
You block the orc warrior's attack.
You hit the orc warrior but do no damage.
The orc warrior is heavily wounded.
The orc warrior hits you with a +0 mace of protection.
* * * LOW HITPOINT WARNING * * *
You hit the orc warrior but do no damage.
The orc warrior is heavily wounded.
You block the orc warrior's attack.
Your shield and plate armour prevent you from hitting the orc warrior.
The orc warrior is heavily wounded.
The orc warrior hits you with a +0 mace of protection!
* * * LOW HITPOINT WARNING * * *
You barely miss the orc warrior.
The orc warrior is heavily wounded.
You block the orc warrior's attack.
You closely miss the orc warrior.
The orc warrior is heavily wounded.
The orc warrior hits you with a +0 mace of protection!
You die...

### #.# # #.### # #...# #
####.#.# # #.##.#.# ######### #
#.##.#.# ########........
#########.##.#.###.....[.........
................@...#..##........
######.##.####.#.o.##..##........
######.#....##.....##.).#........
.......#....##.....##...#........
######.#....##...#......#.#.#####
# #.#....##...#..#...#...#
######.#....##...#..#...#.#.#####
#...........##...................
#.......................###.#....


You could see an orc warrior.

Vanquished Creatures
  Sigmund (D:5)
  2 ogres
  A phantom (D:5)
  A crocodile (Sewer)
  3 wights (D:5)
  A howler monkey (D:4)
  A crimson imp (D:5)
  A hound (D:4)
  An orc wizard (D:2)
  Crazy Yiuf (D:3)
  Jessica (D:3)
  Ijyb (D:3)
  Natasha (thrice) (D:4)
  An iguana (D:5)
  3 worker ants
  A hound skeleton (D:4)
  11 adders
  An ooze (D:1)
  3 worms (D:2)
  2 dart slugs
  2 leopard geckos
  7 orcs
  7 giant cockroaches
  11 goblins
  10 hobgoblins
  5 jackals
  3 quokkas
  A ball python (D:3)
  12 bats
  4 frilled lizards
  A jackal zombie (D:5)
  9 kobolds
  5 rats
  A fungus (D:3)
118 creatures vanquished.

Notes
Turn   | Place    | Note
-------+----------+-------------------------------------------
     0 | D:1      | Elellon the Hill Orc Fighter began the quest for the Orb.
     0 | D:1      | Reached XP level 1. HP: 19/19 MP: 1/1
   208 | D:1      | Reached skill level 3 in Axes
   254 | D:1      | Reached XP level 2. HP: 26/27 MP: 2/2
   914 | D:2      | Reached XP level 3. HP: 33/33 MP: 3/3
  1075 | D:2      | Reached skill level 4 in Axes
  1216 | D:2      | Reached XP level 4. HP: 27/40 MP: 4/4
  1676 | D:2      | Found a sparkling altar of Nemelex Xobeh.
  1957 | D:2      | Reached XP level 5. HP: 47/47 MP: 5/5
  2042 | D:3      | Noticed Jessica
  2046 | D:3      | Killed Jessica
  2047 | D:3      | Found a glowing drain.
  2057 | D:3      | Reached skill level 5 in Axes
  2075 | Sewer    | Entered a sewer
  2110 | Sewer    | Noticed a crocodile
  2117 | Sewer    | Killed a crocodile
  2117 | Sewer    | Reached XP level 6. HP: 41/53 MP: 6/6
  2224 | D:3      | Found a radiant altar of Vehumet.
  2251 | D:3      | Reached skill level 5 in Fighting
  2323 | D:3      | Reached skill level 6 in Axes
  2350 | D:3      | Noticed Ijyb
  2370 | D:3      | Killed Ijyb
  3137 | D:3      | Found a glowing golden altar of the Shining One.
  3140 | D:3      | Found a stormy altar of Qazlal.
  3252 | D:3      | Found a runed translucent door.
  3253 | D:3      | Noticed Crazy Yiuf
  3262 | D:3      | Killed Crazy Yiuf
  3334 | D:4      | Reached XP level 7. HP: 61/61 MP: 7/7
  4075 | D:4      | Noticed Natasha
  4081 | D:4      | Killed Natasha
  4097 | D:4      | Noticed Natasha
  4105 | D:4      | Killed Natasha
  4105 | D:4      | Reached skill level 7 in Axes
  4105 | D:4      | Reached skill level 5 in Armour
  4193 | D:4      | Noticed Natasha
  4198 | D:4      | Killed Natasha
  4198 | D:4      | Reached skill level 5 in Shields
  4640 | D:5      | Entered Level 5 of the Dungeon
  4807 | D:5      | Found a hazy altar of Hepliaklqana.
  4858 | D:5      | Noticed Sigmund
  4902 | D:5      | Killed Sigmund
  4902 | D:5      | Reached skill level 8 in Axes
  4902 | D:5      | Reached XP level 8. HP: 54/70 MP: 8/8
  4947 | D:5      | Found Fizoh's Magic Scroll Shop.
  5359 | D:5      | Found an opulent altar of Gozag.
  5481 | D:5      | Slain by an orc warrior

Levels and vault maps discovered:
D:1:      dpeg_arrival_pits, layout_loops_corners, minmay_fountain_box,
          minmay_distorted
D:2:      minmay_skewed_foursquare, layout_basic, nemelex_lonely_heart_becter
D:3:      layout_basic, marbit_many_paths, nicolae_overflow_hidden_temple,
          gup_sewer_entry_glass, uniq_ijyb, uniq_crazy_yiuf_cottage,
          uniq_jessica
D:4:      layout_basic, first_ration, minmay_misc_feat_alley, uniq_natasha
D:5:      layout_basic, nicolae_gozag_cash_rules_everything_around_me,
          lemuel_round_altar, serial_shops, shop_statue, uniq_sigmund
D:6:      layout_loops_ring, lemuel_crystal_altar, serial_shops, shop,
          nicolae_shop_trees, uniq_blork_the_orc

Skill      XL: |  1  2  3  4  5  6  7 |
---------------+----------------------+-----
Axes           | 3 4 5 6 8 |  8.6
Fighting       | 4 5 6 |  6.4
Armour         | 4 5 |  5.8
Shields        | 4 5 |  5.7

Action                   |  1- 3 |  4- 6 |  7- 9 || total
-------------------------+-------+-------+-------++-------
Melee: War axe           |   119 |   182 |   224 ||   525
       Unarmed           |       |       |     5 ||     5
Throw: Dart              |    22 |       |       ||    22
  Use: Scroll            |       |       |     6 ||     6
       Potion            |       |       |     1 ||     1
  Eat: Chunk             |     1 |     7 |     7 ||    15
Armor: Scale mail        |    22 |       |       ||    22
       Plate armour      |    45 |   100 |   111 ||   256
       Chain mail        |     3 |       |       ||     3
Dodge: Dodged            |    25 |    27 |    35 ||    87
Block: Shield            |    58 |    75 |    94 ||   227
